Map: Automaton LE

Players

liquidthermy (uThermal) - Winner!

  • Race: Terran Terran
  • League: Master
  • Spawn Location: 9:00

Harstem

  • Race: Protoss Protoss
  • League: Grandmaster
  • Spawn Location: 3:00

Event: DSCL Nationals 2018 - Finals

VOD

Have the link to the VOD?

Description

Time

  • Played on: Dec. 1, 2018, 11:48 a.m.
  • Length: 14:37

All games in this series

Show
View Real Time Build Order
Export as new Build Order

liquidthermy Terran - Winner!

Build Orders: Cyclone Opening 

Get SALT Encoding   

  12  0:01  SCV  
  13  0:13  SCV  
  14  0:18  Supply Depot  
  14  0:26  SCV  
  15  0:40  Barracks, SCV  
  16  0:46  Refinery  
  16  0:52  SCV  
  16  0:56  Refinery  
  17  1:04  SCV  
  18  1:16  SCV  
  19  1:27  Reaper  
  19  1:28  Orbital Command  
  20  1:35  Supply Depot  
  20  1:45  Factory  
  20  1:54  SCV  
  21  2:06  SCV  
  22  2:18  SCV  
  23  2:30  Factory Tech Lab  
  23  2:33  SCV  
  23  2:34  Command Center  
  23  2:36  Barracks Reactor  
  23  2:48  SCV  
  23  2:49  Cyclone  
  27  2:55  Supply Depot  
  27  3:00  SCV  
  27  3:01  Starport  
  28  3:12  Marine x2, SCV  
  31  3:21  Cyclone  
  31  3:24  SCV  
  34  3:29  Marine  
  34  3:30  Marine  
  36  3:36  SCV  
  36  3:40  Medivac  
  39  3:46  Orbital Command  
  39  3:47  Marine x2  
  41  3:51  SCV  
  42  3:57  Cyclone  
  45  4:03  SCV  
  45  4:05  Engineering Bay  
  45  4:07  Liberator  
  45  4:08  Marine  
  47  4:15  SCV  
  48  4:17  Supply Depot  
  48  4:18  SCV  
  49  4:25  Marine  
  49  4:29  SCV  
  54  4:37  Missile Turret x2  
  54  4:39  Marine, SCV  
  54  4:44  Cyclone  
  59  4:46  SCV  
  60  4:53  SCV  
  60  4:54  Supply Depot, Marine  
  62  5:02  Supply Depot  
  62  5:12  Barracks  
  62  5:13  Barracks  
  62  5:15  Marine x2, SCV x2  
  62  5:17  Starport Tech Lab  
  66  5:25  Supply Depot  
  66  5:27  SCV x2  
  68  5:33  Marine  
  69  5:41  SCV  
  67  5:46  SCV  
  66  5:53  SCV  
  66  5:54  Factory Reactor  
  57  5:57  Marine x2  
  57  5:58  SCV  
  57  5:59  Terran Infantry Weapons Level 1  
  53  6:04  Bunker  
  53  6:05  Starport Reactor, SCV  
  53  6:10  SCV  
  51  6:12  Marauder x2, Refinery, Stimpack  
  51  6:16  Marine x2  
  51  6:17  SCV  
  51  6:18  Combat Shield  
  58  6:22  Refinery, SCV  
  59  6:31  Widow Mine  
  61  6:33  Marauder, Marine  
  61  6:35  Widow Mine  
  66  6:41  Marine  
  66  6:44  Medivac  
  68  6:49  Command Center  
  68  6:50  Supply Depot  
  68  6:51  Marauder  
  70  7:02  Marine  
  70  7:03  Barracks x2, Marauder  
  70  7:06  Factory Reactor  
  70  7:07  Marine  
  74  7:12  Marauder  
  76  7:20  Marine  
  77  7:23  Medivac x2  
  77  7:24  Marine  
  77  7:25  Supply Depot  
  77  7:27  Marine  
  83  7:32  Supply Depot  
  83  7:34  Marauder  
  85  7:37  Concussive Shells  
  85  7:38  Marine  
  85  7:42  Marauder  
  85  7:43  Widow Mine x2  
  92  7:45  Marine  
  92  7:49  Supply Depot  
  93  7:53  Medivac x2  
  93  7:55  Marauder  
  101  7:59  Barracks Tech Lab x2  
  101  8:04  Widow Mine x2, SCV x2  
  105  8:11  Terran Infantry Armor Level 1  
  105  8:14  Marauder, Marine x2  
  105  8:16  SCV x2  
  105  8:17  Marauder  
  105  8:19  Marine  
  113  8:20  Marine  
  115  8:30  SCV  
  115  8:32  Orbital Command, SCV  
  117  8:34  Marine x2  
  117  8:35  Marauder  
  117  8:38  Widow Mine  
  117  8:41  Liberator  
  123  8:48  Liberator  
  123  8:51  Marauder, Marine  
  123  8:55  Marauder, Marine  
  125  8:56  Marine  
  125  8:57  Marauder  
  125  9:01  SCV  
  125  9:02  Supply Depot, SCV  
  133  9:05  SCV  
  133  9:08  Marine  
  125  9:12  Marine  
  125  9:13  SCV  
  125  9:17  Marauder  
  118  9:23  Marine  
  118  9:24  Marauder, Marine  
  114  9:27  Marauder  
  114  9:28  Refinery  
  114  9:30  Marine  
  112  9:32  Armory  
  112  9:38  Marauder  
  114  9:40  Medivac  
  114  9:41  Marine  
  114  9:42  Marine, SCV x2  
  114  9:43  Supply Depot  
  114  9:45  Marauder  
  122  9:46  SCV  
  122  9:48  Medivac, Marine  
  122  9:50  Marine  
  127  9:54  SCV  
  127  9:59  Marine x2  
  130  10:01  Marine  
  130  10:06  Marauder x2  
  122  10:08  Marine, SCV  
  116  10:15  Medivac  
  116  10:17  Marauder, Marine, Widow Mine  
  116  10:18  Medivac, Marine  
  124  10:26  Marauder  
  124  10:27  Marine x2  
  128  10:33  Terran Infantry Weapons Level 2  
  128  10:34  Marine  
  129  10:36  Marine  
  129  10:39  Marauder  
  126  10:45  Marauder, Medivac, Marine  
  126  10:48  Marauder, Medivac  
  126  10:49  Refinery  
  132  10:52  Marine  
  133  10:58  Marine  
  133  11:00  Marauder  
  133  11:03  Marauder  
  138  11:07  Command Center  
  138  11:10  Liberator x2  
  138  11:11  Marine  
  138  11:12  Marauder  
  138  11:16  Marine  
  138  11:21  Marauder  
  138  11:24  Marine  
  138  11:25  Marauder, Widow Mine  
  131  11:29  Marine  
  136  11:33  Marauder  
  136  11:35  Marine  
  127  11:43  Marauder  
  127  11:45  Marine  
  127  11:46  Marauder  
  125  11:47  Marine  
  125  11:53  Marauder  
  125  11:54  Marine  
  125  11:58  Widow Mine x2  
  130  12:01  SCV  
  130  12:02  Marine, SCV  
  130  12:03  Supply Depot  
  130  12:04  Marauder  
  130  12:05  Marine  
  130  12:08  Marauder  
  127  12:12  Marauder  
  127  12:13  Liberator  
  127  12:14  Marine  
  130  12:18  Liberator  
  130  12:20  Marine  
  127  12:22  Marine  
  127  12:25  Marauder  
  127  12:28  Marine  
  126  12:32  Planetary Fortress  
  126  12:33  Marauder, Marine  
  135  12:38  Marine  
  135  12:40  Marine  
  137  12:47  Marauder x2  
  141  12:52  Marauder  
  141  12:53  Marine  
  141  12:54  Barracks  
  141  12:56  Barracks x2, Marine  
  141  12:57  Liberator  
  141  12:58  Marine  
  145  13:01  Liberator  
  146  13:08  Marauder x2  
  146  13:11  Marine  
  146  13:12  Marine  
  158  13:20  Supply Depot  
  154  13:30  Marauder  
  135  13:34  Marine  
  135  13:35  Marauder  
  135  13:38  Marauder, Marine  
  135  13:43  Widow Mine  
  135  13:44  Widow Mine  
  136  13:50  Marine  
  136  13:51  Marauder  
  132  13:56  Marine x2  
  132  13:57  Marauder  
  132  14:00  Marauder  
  131  14:08  Marine  
  128  14:10  Marine x2  
  128  14:12  Marauder  
  128  14:13  Widow Mine  
  128  14:14  Marine x2  
  128  14:15  Marine  
Show
View Real Time Build Order
Export as new Build Order

Harstem Protoss 

Build Orders: Oracle Opening, Phoenix Opening, Blink Stalkers 

Get SALT Encoding   

  12  0:00  Probe  
  13  0:12  Probe  
  14  0:17  Pylon  
  14  0:24  Probe  
  15  0:32  Probe  
  15  0:38  Gateway  
  15  0:40  Probe  
  16  0:49  Assimilator  
  17  0:51  Probe  
  18  1:03  Probe  
  19  1:13  Assimilator  
  19  1:15  Probe  
  19  1:18  Pylon  
  20  1:25  Cybernetics Core  
  20  1:27  Probe  
  20  1:30  Zealot  
  23  1:39  Probe  
  24  1:51  Probe  
  24  1:52  Adept  
  25  2:00  Pylon  
  25  2:07  Stargate  
  27  2:09  Probe  
  28  2:16  Warp Gate  
  28  2:21  Probe  
  30  2:44  Oracle  
  30  2:50  Nexus  
  30  2:57  Probe  
  33  3:09  Probe  
  34  3:21  Probe  
  38  3:30  Probe  
  39  3:37  Twilight Council  
  39  3:38  Probe  
  39  3:39  Pylon  
  36  3:47  Blink, Phoenix  
  39  3:55  Gateway  
  39  3:57  Gateway  
  39  3:59  Probe  
  40  4:03  Probe  
  41  4:11  Probe  
  41  4:15  Probe  
  43  4:23  Probe  
  44  4:24  Sentry  
  44  4:26  Phoenix  
  44  4:27  Probe  
  47  4:35  Probe  
  48  4:39  Probe  
  49  4:47  Stalker  
  49  4:52  Probe  
  52  4:56  Nexus  
  52  5:00  Probe  
  53  5:08  Probe  
  53  5:12  Assimilator, Stalker  
  53  5:13  Stalker  
  58  5:14  Pylon  
  58  5:16  Probe  
  58  5:20  Pylon  
  59  5:29  Stalker  
  57  5:36  Stalker x2  
  57  5:38  Probe  
  58  5:44  Probe  
  57  5:50  Probe  
  57  5:53  Oracle  
  57  5:55  Zealot  
  57  5:56  Probe  
  59  6:01  Charge  
  59  6:02  Probe  
  58  6:08  Probe  
  58  6:11  Probe, Stalker x2  
  63  6:14  Probe  
  63  6:16  Probe  
  65  6:19  Forge  
  65  6:21  Probe  
  66  6:26  Probe  
  66  6:28  Probe  
  66  6:29  Forge  
  66  6:31  Probe  
  71  6:42  Pylon, Zealot, Sentry  
  74  6:48  Gateway  
  74  6:50  Gateway  
  74  6:52  Protoss Ground Weapons Level 1  
  74  6:58  Probe  
  74  7:00  Probe  
  74  7:02  Sentry  
  74  7:03  Protoss Ground Armor Level 1  
  74  7:04  Probe  
  74  7:06  Gateway  
  77  7:10  Probe, Gateway  
  77  7:14  Pylon, Zealot  
  80  7:16  Probe  
  80  7:19  Assimilator  
  82  7:24  Probe  
  82  7:26  Robotics Facility  
  82  7:27  Gateway  
  82  7:29  Zealot  
  84  7:30  Probe  
  84  7:34  Probe  
  84  7:36  Pylon  
  86  7:39  Zealot x2  
  86  7:43  Pylon  
  90  7:47  Zealot x2  
  90  7:48  Probe  
  96  7:51  Probe x2  
  96  7:55  Assimilator  
  96  7:56  Assimilator, Pylon  
  97  8:06  Probe, Warp Prism  
  97  8:08  Zealot x3  
  97  8:11  Photon Cannon  
  104  8:14  Pylon  
  106  8:20  Robotics Bay  
  106  8:22  Robotics Facility  
  106  8:26  Photon Cannon  
  106  8:35  Stalker x3  
  112  8:42  Stalker  
  112  8:46  Probe  
  112  8:47  Probe  
  103  8:52  Probe  
  103  8:54  Pylon  
  100  8:58  Zealot x2  
  100  8:59  Zealot x2  
  100  9:00  Probe  
  103  9:05  Protoss Ground Armor Level 2  
  103  9:07  Protoss Ground Weapons Level 2  
  85  9:17  Zealot x3  
  85  9:24  Probe  
  80  9:25  Probe x2  
  80  9:28  Colossus  
  82  9:36  Probe  
  82  9:37  Probe  
  90  9:47  Probe  
  90  9:48  Probe  
  92  9:53  Zealot x3  
  92  9:54  Zealot  
  96  10:02  Zealot x2  
  96  10:06  Probe  
  89  10:07  Probe  
  89  10:10  Stalker  
  84  10:14  Stalker  
  84  10:19  Probe  
  83  10:23  Stalker  
  83  10:26  Disruptor, Sentry x3  
  87  10:28  Stalker  
  87  10:31  Probe  
  87  10:32  Probe  
  87  10:33  Probe  
  89  10:44  Sentry x2  
  89  10:46  Probe  
  89  10:47  Zealot x2  
  96  10:51  Probe, Observer  
  96  10:53  Probe  
  99  10:59  Zealot x2  
  99  11:03  Pylon  
  103  11:07  Zealot x4  
  109  11:16  Stalker x2  
  109  11:17  Colossus  
  104  11:25  Probe  
  104  11:26  Pylon, Stalker  
  103  11:39  Stalker x3  
  94  11:45  Probe  
  86  11:48  Probe  
  86  11:49  Probe  
  86  11:52  Sentry x2  
  91  11:59  Zealot, Stalker, Sentry  
  95  12:02  Probe  
  95  12:03  Zealot  
  99  12:08  Probe  
  99  12:10  Probe  
  99  12:14  Probe  
  100  12:16  Zealot  
  100  12:20  Probe  
  100  12:22  Pylon  
  98  12:27  Probe  
  96  12:33  Probe  
  96  12:34  Extended Thermal Lance  
  96  12:35  Probe  
  96  12:36  Probe  
  98  12:41  Probe  
  98  12:43  Probe  
  99  12:47  Zealot x3  
  99  12:48  Probe  
  108  12:57  Stalker x3  
  114  13:02  Colossus  
  114  13:11  Stalker  
  114  13:12  Stalker  
  124  13:21  Stalker x3  
  126  13:33  Zealot x3  
  113  13:37  Zealot x2  
  108  13:49  Zealot x3  
  108  13:55  Zealot x3  
  102  14:02  Stalker x2  
  90  14:06  Probe  
  79  14:10  Zealot x3  
  79  14:16  Probe  
  78  14:18  Stalker  
  78  14:20  Stalker  
  75  14:27  Zealot x3  
Tags
 
Add a new tag
Caveats
  • Supply blocks, unpowered buildings, or Contaminate may cause inaccurate times.
  • Supply counts are checked every 10 seconds.